 Dungeon Crawl Stone Soup version 0.27-a0-1180-g7fc4abc71e (webtiles) character file.

Game seed: 11662102236847311239

454 Froggeryz the Ruffian (level 6, -1/47 HPs)
             Began as a Demonspawn Chaos Knight on May 17, 2021.
             Was an Initiate of Ru.
             Slain by a gnoll sergeant
             ... wielding a +0 spear
              (7 damage)
             ... on level 4 of the Dungeon.
             The game lasted 00:04:37 (5998 turns).

Froggeryz the Ruffian (Demonspawn Chaos Knight)     Turns: 5998, Time: 00:04:38

Health: -1/47      AC:  9    Str: 14    XL:     6   Next: 76%
Magic:  6/6        EV:  9    Int: 13    God:    Ru [......]
Gold:   199        SH:  0    Dex:  9    Spells: 5/5 levels left

rFire    . . .     SeeInvis +     - Unarmed
rCold    . . .     Faith    .   (no shield)
rNeg     . . .     Spirit   .   g - +1 scale mail
rPois    .         Reflect  .   (helmet unavailable)
rElec    .         Harm     .   (no cloak)
rCorr    .         Rampage  .   (no gloves)
Will     .....                  (no boots)
Stlth    ..........             (no amulet)
HPRegen  0.15/turn              (no ring)
MPRegen  0.10/turn              (no ring)

@: no status effects
A: antennae 3, icy blue scales 1, spiny 1, clumsy 2
a: Renounce Religion


You were on level 4 of the Dungeon.
You worshipped Ru.
Ru was noncommittal.
You visited 2 branches of the dungeon, and saw 6 of its levels.

You collected 199 gold pieces.

Inventory:

Missiles
 b - 20 poisoned darts (quivered)
 c - 18 boomerangs
Armour
 g - a +1 scale mail (worn)
Jewellery
 a - a ring of ice
Scrolls
 e - a scroll of amnesia
 i - a scroll of silence {unknown}
 j - a scroll of teleportation
Potions
 d - a potion of degeneration {unknown}
 f - a potion of attraction {unknown}
 h - a potion of heal wounds {unknown}
 k - a potion of brilliance {unknown}
 l - a potion of cancellation {unknown}
 n - a potion of might {unknown}


   Skills:
 - Level 3.0 Fighting
 + Level 3.5 Armour
 - Level 0.8 Dodging
 * Level 6.2 Unarmed Combat


You had 5 spell levels left.
You didn't know any spells.
Your spell library contained the following spells:

 Spells                   Type           Power      Damage    Failure   Level
 Confusing Touch          Hex            0%         N/A       98%         3
 Gell's Gravitas          Tloc           0%         N/A       98%         3
 Petrify                  Tmut/Erth      0%         N/A       100%        4
 Metabolic Englaciation   Hex/Ice        0%         N/A       100%        5
 Yara's Violent Unravell  Hex/Tmut       0%         3d3       100%        5


Dungeon Overview and Level Annotations

Branches:
Dungeon (5/15)             Temple (1/1) D:4

Altars:
Ashenzari
Dithmenos
Elyvilon
Fedhas
Gozag
Hepliaklqana
Kikubaaqudgha
Qazlal
Ru
Trog
Wu Jian
Xom
Zin

Shops:
D:2 [

Annotations:
D:3 2 transporters, Loefaen's ghost, amateur DECK


Innate Abilities, Weirdness & Mutations

You have a pair of large antennae on your head. (SInv)
You are partially covered in icy blue scales. (AC +2)
You are partially covered in sharp spines.
You are very clumsy. (Dex -4)


Message History

You hit the gnoll sergeant.
The gnoll sergeant is moderately wounded.
The gnoll sergeant hits you with a +0 spear!
You hit the gnoll sergeant but do no damage.
The gnoll sergeant is moderately wounded.
The gnoll sergeant hits you with a +0 spear.
You hit the gnoll sergeant.
The gnoll sergeant is moderately wounded.
The gnoll sergeant hits you with a +0 spear.
You are too injured to fight recklessly!
You are too injured to fight recklessly!
You are too injured to fight recklessly!
You hit the gnoll sergeant.
The gnoll sergeant is heavily wounded.
You hit the gnoll sergeant.
The gnoll sergeant is heavily wounded.
The gnoll sergeant closely misses you.
You hit the gnoll sergeant but do no damage.
The gnoll sergeant is heavily wounded.
The gnoll sergeant hits you with a +0 spear!
* * * LOW HITPOINT WARNING * * *
You hit the gnoll sergeant but do no damage.
The gnoll sergeant is heavily wounded.
The gnoll sergeant hits you with a +0 spear.
* * * LOW HITPOINT WARNING * * *
You hit the gnoll sergeant.
The gnoll sergeant is severely wounded.
The gnoll sergeant hits you with a +0 spear!
* * * LOW HITPOINT WARNING * * *
You hit the gnoll sergeant but do no damage.
The gnoll sergeant is severely wounded.
The gnoll sergeant misses you.
You hit the gnoll sergeant but do no damage.
The gnoll sergeant is severely wounded.
The gnoll sergeant misses you.
You barely miss the gnoll sergeant.
The gnoll sergeant is severely wounded.
The gnoll sergeant is struck by your spines.
The gnoll sergeant hits you with a +0 spear!
You die...

# #.#######..####......#.....#..
# ##.##........##......#.....#..
# #....###..#.........##...##.. #
#.#### #..###.#......#...#...
#####.## #..##..#......##.##(..
.......### #..##..####....#.#....
.........###..##.##..###.####+.##
#..#..##........g##....###...###.
#.###..###......@........#._.#...
#.# ##.###......<......###...###.
#.# #..#............###.#####.##
.## ##.<...........###....#.#....
.####...####.............##.##...
#..#...## #.............#...#...
##.....# ##...........##...##..
####...## #...........#.....#.. #
#....## ##....#......#.....#..


You could see a gnoll sergeant.

Vanquished Creatures
  A necrophage (D:5)
  2 hounds
  A bullfrog skeleton (D:5)
  An orc wizard (D:4)
  4 iguanas
  A killer bee zombie (D:5)
  A gnoll (D:3)
  3 adders
  3 worms
  4 dart slugs
  9 orcs
  4 ball pythons
  8 endoplasms
  3 giant cockroaches
  4 goblins
  7 hobgoblins
  3 jackals (D:4)
  6 kobolds
  4 quokkas
  5 bats
  A frilled lizard (D:3)
  3 rats
78 creatures vanquished.

Vanquished Creatures (others)
  25 plants (D:5)
25 creatures vanquished.

Grand Total: 103 creatures vanquished

Notes
Turn   | Place    | Note
-------+----------+-------------------------------------------
     0 | D:1      | Froggeryz the Demonspawn Chaos Knight began the quest for
                  | the Orb.
     0 | D:1      | Reached XP level 1. HP: 18/18 MP: 1/1
   112 | D:1      | XOM: divination: detect creatures
   254 | D:1      | Reached skill level 3 in Unarmed Combat
   274 | D:1      | Gained mutation: You are partially covered in sharp spines.
                  | [demonic ancestry]
   274 | D:1      | Reached XP level 2. HP: 24/24 MP: 2/2
   347 | D:1      | XOM: potion effect (invisibility)
   930 | D:1      | Gained mutation: You have a pair of small antennae on your
                  | head. [demonic ancestry]
   930 | D:1      | Reached XP level 3. HP: 29/29 MP: 3/3
  1025 | D:2      | XOM: potion effect (brilliance)
  1027 | D:2      | Found Mabbidi's Antique Armour Boutique.
  1033 | D:2      | Reached skill level 4 in Unarmed Combat
  1239 | D:2      | XOM: silly message
  1649 | D:2      | XOM: silly message
  2095 | D:3      | Gained mutation: You have a pair of antennae on your head.
                  | [demonic ancestry]
  2095 | D:3      | Reached XP level 4. HP: 28/35 MP: 4/4
  2344 | D:3      | Noticed a small abomination
  2355 | D:3      | Noticed a small abomination
  2390 | D:3      | Found a transporter.
  2415 | D:3      | Noticed Loefaen's ghost (amateur DECK)
  2459 | D:3      | Found a transporter.
  2474 | D:3      | Found a bloodstained altar of Trog.
  2496 | D:3      | XOM: divination: detect creatures
  2511 | D:3      | Found a stormy altar of Qazlal.
  2511 | D:3      | Noticed an earth elemental
  2514 | D:3      | Noticed an air elemental
  2515 | D:3      | Noticed a water elemental
  2515 | D:3      | Noticed a fire elemental
  2622 | D:3      | XOM: silly message
  2905 | D:3      | Found a faded altar of an unknown god.
  3191 | D:4      | XOM: divination: detect creatures
  3196 | D:4      | Found a broken altar of Ashenzari.
  3363 | D:4      | XOM: potion effect (brilliance)
  3372 | D:4      | Reached XP level 5. HP: 16/41 MP: 5/5
  3404 | D:4      | XOM: silly message
  3516 | D:4      | Identified the +4 longbow of the Freezing Viper {vorpal,
                  | Dex+4} (Xom gifted it to you on level 4 of the Dungeon)
  3516 | D:4      | XOM: god gift: +4 longbow of the Freezing Viper {chaos,
                  | Dex+4}
  3587 | D:4      | Reached skill level 5 in Unarmed Combat
  4041 | D:4      | XOM: cloud trail
  4067 | D:4      | Found a staircase to the Ecumenical Temple.
  4081 | Temple   | Entered the Ecumenical Temple
  4229 | Temple   | Fell from the grace of Xom
  4229 | Temple   | Became a worshipper of Ru the Awakened
  4488 | D:4      | XOM: give mutations
  4488 | D:4      | Gained mutation: You are agile. (Dex +2) [Xom's grace]
  4488 | D:4      | Gained mutation: You have a pair of large antennae on your
                  | head. (SInv) [Xom's grace]
  4488 | D:4      | Gained mutation: You evolve. [Xom's grace]
  4488 | D:4      | Gained mutation: Your mind is acute. (Int +2) [Xom's grace]
  4812 | D:4      | Gained mutation: You expend magic power (3 MP) to
                  | strengthen your wands. [evolution]
  4927 | D:4      | Found an ancient bone altar of Kikubaaqudgha.
  5391 | D:5      | Entered Level 5 of the Dungeon
  5393 | D:5      | Noticed a necrophage
  5398 | D:5      | Gained mutation: You are partially covered in icy blue
                  | scales. (AC +2) [demonic ancestry]
  5398 | D:5      | Reached XP level 6. HP: 44/47 MP: 6/6
  5443 | D:5      | Reached skill level 6 in Unarmed Combat
  5560 | D:5      | Lost mutation: Your mind is acute. (Int +2) [evolution]
  5560 | D:5      | Lost mutation: You evolve. [end of evolution]
  5699 | D:3      | XOM: summons 4 hostile shadow creatures
  5868 | D:3      | XOM: give mutations
  5868 | D:3      | Lost mutation: You are agile. (Dex +2) [Xom's mischief]
  5868 | D:3      | Gained mutation: You are clumsy. (Dex -2) [Xom's mischief]
  5868 | D:3      | Gained mutation: You are very clumsy. (Dex -4) [Xom's
                  | mischief]
  5868 | D:3      | Lost mutation: You expend magic power (3 MP) to strengthen
                  | your wands. [Xom's mischief]
  5998 | D:4      | Slain by a gnoll sergeant

Illustrated notes

Levels and vault maps discovered:
D:1:      scummos_arrival_forest, layout_loops_ring
D:2:      layout_loops_cross, serial_shops, shop, serial_bayou_crossing
D:3:      layout_loops_corners, bloody_trog, nicolae_qazlal_style_of_elements,
          hellmonk_ecumenical_altar_leap_of_faith,
          gammafunk_ghost_abyssal_escape, nrook_uturn
D:4:      layout_layer_cave, nicolae_ashenzari_panopticon,
          amcnicky_altar_gilded, minmay_temple_entry_mist
D:5:      layout_cave_pools, tso_altar, general_overflow_altar, serial_bayou,
          serial_bayou_shore_a, serial_bayou_pond_e, serial_bayou_pond_d,
          serial_bayou_pond_d, serial_bayou_lake_a
Temple:   kb_temple_of_zot

Skill      XL: |  1  2  3  4  5  6 |
---------------+-------------------+-----
Unarmed Combat | 3 4 5 6 |  6.2
Armour         | 2 3 |  3.5
Fighting       | |  3.0
Dodging        | |  0.8

Action                   |  1- 3 |  4- 6 || total
-------------------------+-------+-------++-------
Melee: Unarmed           |   113 |   170 ||   283
       Punch             |     3 |     5 ||     8
  Use: Scroll            |     1 |     6 ||     7
 Stab: Sleeping          |     1 |       ||     1
Armor: Leather armour    |    29 |       ||    29
       Scale mail        |       |    71 ||    71
Dodge: Dodged            |    51 |    65 ||   116

Table legend: (Time is in decaauts)
 A = Elapsed time spent in this place.
 B = Non-inter-level travel time spent in this place.
 C = Inter-level travel time spent in this place.
 D = Time resting spent in this place.
 E = Time spent auto-exploring this place.
 F = Levels seen in this place.
 G = Mean time per level.
                   A        B        C        D        E       F      G
               +--------+--------+--------+--------+--------+-----+--------+
         Total |   5990 |   5771 |    219 |    637 |   4491 |   6 |  998.3 |
       Dungeon |   5807 |   5637 |    170 |    637 |   4362 |   5 | 1161.4 |
        Temple |    183 |    134 |     49 |      0 |    129 |   1 |  183.0 |
               +--------+--------+--------+--------+--------+-----+--------+

Top non-repeatable levels by time:
     D:4: 2108 daAuts
     D:3: 1360 daAuts
     D:2: 1081 daAuts
     D:1: 1003 daAuts
     D:5: 254 daAuts
  Temple: 183 daAuts
